 Dungeon Crawl Stone Soup version 0.19-a0-1903-gead39cf (webtiles) character file.

81 LORDOFBUTT the Skirmisher (level 4, -7/41 HPs)
             Began as a Minotaur Fighter on Oct 20, 2016.
             Killed by divine providence
             ... invoked by an orc priest
              (15 damage)
             ... on level 3 of the Dungeon.
             The game lasted 00:01:27 (1170 turns).

LORDOFBUTT the Skirmisher (Minotaur Fighter)        Turns: 1170, Time: 00:01:27

Health: -7/41      AC:  9    Str: 26    XL:     4   Next: 20%
Magic:  3/3        EV:  8    Int:  5    God:
Gold:   97         SH:  0    Dex: 10    Spells: 0 memorised, 3 levels left

rFire  . . .     SeeInvis .     a - +0 flail
rCold  . . .     Gourm    .     b - +0 scale mail
rNeg   . . .     Faith    .     c - +0 shield
rPois  .         Spirit   .     (helmet restricted)
rElec  .         Reflect  .     (no cloak)
rCorr  .         Harm     .     v - +0 pair of gloves
MR     .....                    w - +0 pair of boots
Stlth  ..........               (no amulet)
                                (no ring)
                                (no ring)

@: confused, mighty
A: retaliatory headbutt, horns 2
a: no special abilities


You were on level 3 of the Dungeon.
You were not hungry.

You visited 1 branch of the dungeon, and saw 3 of its levels.

You collected 97 gold pieces.

Inventory:

Hand Weapons
 a - a +0 flail (weapon)
Armour
 b - a +0 scale mail (worn)
 c - a +0 shield (worn)
 v - a +0 pair of gloves (worn)
 w - a +0 pair of boots (worn)
Jewellery
 r - an uncursed ring of protection from cold {unknown}
Scrolls
 i - a scroll of random uselessness {unknown}
 j - a scroll of immolation {unknown}
 k - 3 scrolls of identify {unknown}
 l - a scroll of remove curse {unknown}
 o - a scroll of fog {unknown}
 q - a scroll of enchant armour {unknown}
Potions
 e - a potion of flight {unknown}
 g - a potion of degeneration {unknown}
 h - 2 potions of curing {unknown}
 n - a potion of cancellation {unknown}
 s - a potion of brilliance {unknown}
 t - a potion of agility {unknown}
 u - a potion of invisibility {unknown}
Comestibles
 f - 7 bread rations
 m - a meat ration


   Skills:
 + Level 4.4 Fighting
 + Level 3.2 Maces & Flails
 + Level 4.3 Armour
 + Level 0.2 Dodging
 + Level 4.4 Shields


You had 3 spell levels left.
You didn't know any spells.

Dungeon Overview and Level Annotations

Branches:
Dungeon (3/15)

Altars:


Innate Abilities, Weirdness & Mutations

You reflexively headbutt those who attack you in melee.
You have a pair of horns on your head.


Message History

Something hits you but does no damage.
You bump into the rock wall.
You hear some strange, mumbled words.
You are more confused.
You barely miss something. Your headbutt misses something.
Something hits you but does no damage. Something hits you.
* * * LOW HITPOINT WARNING * * *
You miss something. Something hits you but does no damage.
You completely miss something. Something hits you but does no damage.
You miss something.
The orc priest invokes the aid of Beogh against you.
Something hits you but does no damage.
You miss something. Your headbutt misses something. Something hits you.
* * * LOW HITPOINT WARNING * * *
Something hits you but does no damage.
You closely miss something.
An orc wizard appears from thin air!
Reactivating autopickup.
The orc priest invokes the aid of Beogh against you.
Beogh smites you!
You die...

.. ## . .
.#. ..# .r.
#.# #b# #.#
#r# #.# #o#
#.#
#o#####.#
#@#.....####
#!.......<.#
###.######.#
#.# .# #†#
.# #.# .#
#.# .# ...
.# ### .#


You could see an orc priest, an orc wizard, a quokka, a bat and a rat.

Vanquished Creatures
  3 adders
  A worm (D:2)
  An orc (D:3)
  7 bats
  5 giant cockroaches
  3 goblins
  8 hobgoblins
  2 jackals (D:1)
  A quokka (D:2)
  2 frilled lizards (D:1)
  9 kobolds
  4 rats
46 creatures vanquished.

Notes
Turn   | Place    | Note
-------+----------+-------------------------------------------
     0 | D:1      | LORDOFBUTT the Minotaur Fighter began the quest for the Orb.
     0 | D:1      | Reached XP level 1. HP: 19/19 MP: 0/0
     2 | D:1      | You fall through a shaft!
   267 | D:2      | Reached XP level 2. HP: 27/27 MP: 1/1
   382 | D:2      | Reached XP level 3. HP: 28/33 MP: 2/2
  1068 | D:1      | Reached XP level 4. HP: 41/41 MP: 3/3
  1170 | D:3      | Killed from afar by an orc priest

Vault maps used:
D:1:      dpeg_arrival_simpleton_c
D:2:      first_bread
D:3:      minmay_misc_feat_room, minivault_27

Skill      XL: |  1  2  3 |
---------------+----------+-----
Fighting       | 4 |  4.4
Shields        | 4 |  4.4
Armour         | 4 |  4.3
Maces & Flails | 3 |  3.2
Dodging        | |  0.2

Action                   |  1- 3 |  4- 6 || total
-------------------------+-------+-------++-------
Melee: Flail             |    91 |    24 ||   115
       Headbutt          |    11 |     1 ||    12
  Use: Potion            |       |     1 ||     1
  Eat: Beef jerky        |       |     1 ||     1
Armor: Scale mail        |    36 |    11 ||    47
Dodge: Dodged            |    43 |     3 ||    46
Block: Shield            |    45 |     8 ||    53
